HSSL
RANDALL HS RAIDERS @ MAIZE HS
04/15/2030
 
TOP OF THE 1ST
Randall HS Raiders batting - Pitching for Maize HS : RHP Bernardo Márquez
Pitching: RHP Bernardo Márquez
Batting: RHB Tony Burhoe 0-0: Swinging Strike
0-1: Ball
1-1: Called Strike
1-2: Ball
2-2: Ball
3-2: Foul Ball, location: 2F
3-2: Base on Balls
Batting: LHB En-guo Wang 0-0: Ground out 4-3 (Groundball, 34)
Tony Burhoe to second
Batting: RHB John Zhu 0-0: Called Strike
0-1: Foul Ball, location: 2F
0-2: Strikes out swinging
Batting: RHB Michael Brown 0-0: Ball
1-0: Ball
2-0: Called Strike
2-1: Ground out 1-3 (Groundball, 13)
Top of the 1st over - 0 runs, 0 hits, 0 errors, 1 left on base; Randall HS 0 - Maize HS 0
BOTTOM OF THE 1ST
Maize HS batting - Pitching for Randall HS Raiders : RHP Ronald Baker
Pitching: RHP Ronald Baker
Batting: LHB Terry Manning 0-0: Ball
1-0: SOLO HOME RUN (Flyball, 9LD), Distance : 369 ft
Batting: LHB Edward St. John 0-0: Fly out, F9 (Flyball, 9S)
Batting: LHB Scot Godwin 0-0: Swinging Strike
0-1: Called Strike
0-2: Strikes out swinging
Batting: LHB Matthis Michaud 0-0: Hit by Pitch
Batting: RHB Dennis Brooks 0-0: Ball
1-0: Ball
2-0: Ball
3-0: Called Strike
3-1: Foul Ball, location: 2F
3-2: DOUBLE (Line Drive, 8LD)
Matthis Michaud to third
Matthis Michaud scores
Batting: RHB David Cox 0-0: Ball
1-0: Ball
Wild Pitch!
Dennis Brooks to third
2-0: Swinging Strike
2-1: Swinging Strike
2-2: Ball
3-2: Foul Ball, location: 2F
3-2: Foul Ball, location: 2F
3-2: Foul Ball, location: 2F
3-2: Strikes out swinging
Bottom of the 1st over - 2 runs, 2 hits, 0 errors, 1 left on base; Randall HS 0 - Maize HS 2
TOP OF THE 2ND
Randall HS Raiders batting - Pitching for Maize HS : RHP Bernardo Márquez
Batting: RHB Carlos Rivera 0-0: Ball
1-0: SINGLE (Flyball, 89S)
Batting: LHB Kade Clark 0-0: Ball
1-0: Ball
2-0: Ball
3-0: Base on Balls
Carlos Rivera to second
Batting: RHB Brody Sexton 0-0: Ball
1-0: SINGLE (Flyball, 9LS)
Carlos Rivera to third
Kade Clark to second
Runner from 3rd tries for Home, SAFE, no throw
Batting: RHB Joe Reeves 0-0: Called Strike
0-1: Ball
1-1: Foul Ball, location: 2F
1-2: Strikes out swinging
Batting: RHB Luis Sánchez 0-0: Ball
1-0: Ball
2-0: Swinging Strike
2-1: Ball
3-1: Called Strike
3-2: Base on Balls
Kade Clark to third
Brody Sexton to second
Batting: RHB Tony Burhoe 0-0: Swinging Strike
0-1: Ball
1-1: SINGLE (Groundball, 34D)
Kade Clark scores
Brody Sexton to third
Luis Sánchez to second
Batting: LHB En-guo Wang 0-0: Called Strike
0-1: SINGLE (Groundball, 6MS) (infield hit)
Brody Sexton scores
Luis Sánchez to third
Tony Burhoe to second
Batting: RHB John Zhu 0-0: Called Strike
0-1: Ball
1-1: Ball
2-1: Foul Ball, location: 2F
2-2: Foul Ball, location: 2F
2-2: Ball
3-2: Base on Balls
Luis Sánchez scores
Tony Burhoe to third
En-guo Wang to second
Batting: RHB Michael Brown 0-0: Foul Ball, location: 2F
0-1: Fly out, F3 (Popup, 3SF)
Batting: RHB Carlos Rivera 0-0: SINGLE (Line Drive, 7S)
Tony Burhoe scores
En-guo Wang to third
John Zhu to second
Runner from 3rd tries for Home, SAFE, no throw
Batting: LHB Kade Clark 0-0: Called Strike
0-1: Swinging Strike
0-2: Ball
1-2: Ground out 4-3 (Groundball, 4M)
Top of the 2nd over - 6 runs, 5 hits, 0 errors, 2 left on base; Randall HS 6 - Maize HS 2
BOTTOM OF THE 2ND
Maize HS batting - Pitching for Randall HS Raiders : RHP Ronald Baker
Batting: RHB Calvin Storey 0-0: Ball
1-0: Swinging Strike
1-1: Called Strike
1-2: Ball
2-2: Ball
3-2: Strikes out looking
Batting: RHB José Ramírez 0-0: Called Strike
0-1: Ground out 1-3 (Groundball, 13S)
Batting: SHB Adrian Turner 0-0: Ground out 5-3 (Groundball, 56)
Bottom of the 2nd over - 0 runs, 0 hits, 0 errors, 0 left on base; Randall HS 6 - Maize HS 2
TOP OF THE 3RD
Randall HS Raiders batting - Pitching for Maize HS : RHP Bernardo Márquez
Batting: RHB Brody Sexton 0-0: Called Strike
0-1: Ball
1-1: Called Strike
1-2: Ball
2-2: SOLO HOME RUN (Flyball, 7D), Distance : 390 ft
Batting: RHB Joe Reeves 0-0: SINGLE (Flyball, 8LS)
Batting: RHB Luis Sánchez 0-0: Ball
1-0: Ball
2-0: Called Strike
2-1: Ball
3-1: Called Strike
3-2: Foul Ball, location: 2F
3-2: Base on Balls
Joe Reeves to second
Batting: RHB Tony Burhoe 0-0: Swinging Strike
0-1: Swinging Strike
0-2: Foul Ball, location: 2F
0-2: Ball
1-2: Strikes out swinging
Batting: LHB En-guo Wang 0-0: Grounds into double play, 3-6-1 (Groundball, 3)
Top of the 3rd over - 1 run, 2 hits, 0 errors, 1 left on base; Randall HS 7 - Maize HS 2
BOTTOM OF THE 3RD
Maize HS batting - Pitching for Randall HS Raiders : RHP Ronald Baker
Batting: LHB Terry Manning 0-0: Ball
1-0: Ball
2-0: Called Strike
2-1: Ground out 4-3 (Groundball, 4)
Batting: LHB Edward St. John 0-0: Ball
1-0: Ground out 4-3 (Groundball, 4)
Batting: LHB Scot Godwin 0-0: Swinging Strike
0-1: Called Strike
0-2: Foul Ball, location: 2F
0-2: Reached on error, E4 (Groundball, 4M)
Batting: LHB Matthis Michaud 0-0: Ball
1-0: Ball
2-0: Called Strike
2-1: Foul Ball, location: 2F
2-2: Ball
3-2: Foul Ball, location: 2F
3-2: Strikes out swinging
Bottom of the 3rd over - 0 runs, 0 hits, 1 error, 1 left on base; Randall HS 7 - Maize HS 2
TOP OF THE 4TH
Randall HS Raiders batting - Pitching for Maize HS : RHP Bernardo Márquez
Batting: RHB John Zhu 0-0: Swinging Strike
0-1: Ball
1-1: Ball
2-1: Called Strike
2-2: Ball
3-2: Strikes out looking
Batting: RHB Michael Brown 0-0: Ball
1-0: Ball
2-0: Ball
3-0: Base on Balls
Pitching: LHP Eric Milligan
Batting: RHB Carlos Rivera 0-0: Called Strike
0-1: Swinging Strike
0-2: Ball
1-2: Fly out, F8 (Flyball, 89D)
Batting: LHB Kade Clark 0-0: Called Strike
0-1: Ball
1-1: Called Strike
1-2: SINGLE (Groundball, 4D)
Michael Brown to second
Runner from 2nd tries for 3rd, SAFE, no throw
Batting: RHB Brody Sexton 0-0: Ball
1-0: Foul Ball, location: 2F
1-1: Ball
2-1: Hit by Pitch
Kade Clark to second
Batting: RHB Joe Reeves 0-0: Called Strike
0-1: Ball
1-1: Fly out, F8 (Flyball, 8LD)
Top of the 4th over - 0 runs, 1 hit, 0 errors, 3 left on base; Randall HS 7 - Maize HS 2
BOTTOM OF THE 4TH
Maize HS batting - Pitching for Randall HS Raiders : RHP Ronald Baker
Batting: RHB Dennis Brooks 0-0: Swinging Strike
0-1: Ball
1-1: Foul Ball, location: 2F
1-2: Strikes out swinging
Batting: RHB David Cox 0-0: Called Strike
0-1: Swinging Strike
0-2: Ball
1-2: Ball
2-2: Strikes out looking
Batting: RHB Calvin Storey 0-0: Ball
1-0: Ground out 6-3 (Groundball, 56D)
Bottom of the 4th over - 0 runs, 0 hits, 0 errors, 0 left on base; Randall HS 7 - Maize HS 2
TOP OF THE 5TH
Randall HS Raiders batting - Pitching for Maize HS : LHP Eric Milligan
Batting: RHB Luis Sánchez 0-0: Foul Ball, location: 2F
0-1: Ball
1-1: Swinging Strike
1-2: Strikes out looking
Batting: RHB Tony Burhoe 0-0: Ball
1-0: Ball
2-0: Called Strike
2-1: Called Strike
2-2: Foul Ball, location: 2F
2-2: Ball
3-2: Base on Balls
Batting: LHB En-guo Wang 0-0: Ball
1-0: Ball
2-0: SINGLE (Line Drive, 34D)
Tony Burhoe to second
Batting: RHB John Zhu 0-0: Ball
1-0: Fielders Choice at 2nd, 1-4 (Groundball, 15S)
Tony Burhoe to third
Batting: RHB Michael Brown 0-0: Ball
1-0: Called Strike
1-1: Ball
2-1: Foul Ball, location: 2F
2-2: Foul Ball, location: 2F
2-2: Fly out, F9 (Flyball, 9LSF)
Top of the 5th over - 0 runs, 1 hit, 0 errors, 2 left on base; Randall HS 7 - Maize HS 2
BOTTOM OF THE 5TH
Maize HS batting - Pitching for Randall HS Raiders : RHP Ronald Baker
Batting: RHB José Ramírez 0-0: Ball
1-0: Ball
2-0: Ball
3-0: Base on Balls
Batting: SHB Adrian Turner 0-0: Called Strike
0-1: Foul Ball, location: 2F
0-2: Grounds into double play, 1-6-3 (Groundball, 13)
Batting: LHB Terry Manning 0-0: Called Strike
0-1: Foul Ball, location: 2F
0-2: Fly out, F8 (Flyball, 8RM)
Bottom of the 5th over - 0 runs, 0 hits, 0 errors, 0 left on base; Randall HS 7 - Maize HS 2
TOP OF THE 6TH
Randall HS Raiders batting - Pitching for Maize HS : LHP Eric Milligan
Batting: RHB Carlos Rivera 0-0: Swinging Strike
0-1: SOLO HOME RUN (Line Drive, 7LD), Distance : 353 ft
Batting: LHB Kade Clark 0-0: Ball
1-0: SINGLE (Groundball, 6D)
Batting: RHB Brody Sexton 0-0: Ball
1-0: Ground out 4-3 (Groundball, 34)
Kade Clark to second
Batting: RHB Joe Reeves 0-0: Foul Ball, location: 2F
0-1: Ball
1-1: Ball
2-1: Swinging Strike
2-2: Ground out 4-3 (Groundball, 4M)
Kade Clark to third
Batting: RHB Luis Sánchez 0-0: Foul Ball, location: 2F
0-1: Ball
Passed Ball!
Kade Clark scores
1-1: Ball
2-1: Foul Ball, location: 2F
2-2: Fly out, F9 (Flyball, 9D)
Top of the 6th over - 2 runs, 2 hits, 0 errors, 0 left on base; Randall HS 9 - Maize HS 2
BOTTOM OF THE 6TH
Maize HS batting - Pitching for Randall HS Raiders : RHP Ronald Baker
Batting: LHB Edward St. John 0-0: Swinging Strike
0-1: SINGLE (Line Drive, 4)
Pitching: LHP Daniel Cortéz
Batting: LHB Scot Godwin 0-0: SINGLE (Groundball, 34D)
Edward St. John to second
Runner from 2nd tries for 3rd, SAFE, no throw
Batting: LHB Matthis Michaud 0-0: Ball
1-0: Called Strike
1-1: Hit by Pitch
Scot Godwin to second
Batting: RHB Dennis Brooks 0-0: Called Strike
0-1: Called Strike
0-2: SINGLE (Groundball, 6MD)
Edward St. John scores
Scot Godwin to third
Matthis Michaud to second
Batting: RHB David Cox 0-0: Called Strike
0-1: Ball
1-1: Ball
2-1: SINGLE (Flyball, 9LS)
Scot Godwin scores
Matthis Michaud to third
Dennis Brooks to second
Batting: RHB Calvin Storey 0-0: Fly out, F8 (Flyball, 89D)
Runner from 3rd tags up, OUT at HOME
Dennis Brooks to third
David Cox to second
Now in CF: Keith Ryan
Batting: RHB José Ramírez 0-0: Foul Ball, location: 2F
0-1: Ground out 5-3 (Groundball, 56)
Bottom of the 6th over - 2 runs, 4 hits, 0 errors, 2 left on base; Randall HS 9 - Maize HS 4
TOP OF THE 7TH
Randall HS Raiders batting - Pitching for Maize HS : LHP Eric Milligan
Batting: RHB Tony Burhoe 0-0: Swinging Strike
0-1: Called Strike
0-2: Ground out 4-3 (Groundball, 4)
Batting: LHB En-guo Wang 0-0: Called Strike
0-1: Ball
1-1: Ball
2-1: Foul Ball, location: 2F
2-2: Foul Ball, location: 2F
2-2: Ball
3-2: Foul Ball, location: 2F
3-2: Foul Ball, location: 2F
3-2: SINGLE (Groundball, 4MD)
Pitching: LHP Javier Corona
Batting: RHB John Zhu 0-0: Ball
1-0: Ball
2-0: Ball
3-0: Called Strike
3-1: SINGLE (Flyball, 78M)
En-guo Wang to second
Batting: RHB Michael Brown 0-0: Foul Ball, location: 2F
0-1: Ball
1-1: Foul Ball, location: 2F
1-2: Strikes out swinging
Batting: RHB Carlos Rivera 0-0: Ball
1-0: Called Strike
1-1: Ball
2-1: Ball
3-1: Foul Ball, location: 2F
3-2: Ground out U3 (Groundball, 34)
Top of the 7th over - 0 runs, 2 hits, 0 errors, 2 left on base; Randall HS 9 - Maize HS 4
BOTTOM OF THE 7TH
Maize HS batting - Pitching for Randall HS Raiders : LHP Daniel Cortéz
Batting: SHB Adrian Turner 0-0: Ball
1-0: Swinging Strike
1-1: Called Strike
1-2: Strikes out swinging
Batting: LHB Terry Manning 0-0: Ball
1-0: Ball
2-0: Ball
3-0: Base on Balls
Batting: LHB Edward St. John 0-0: Called Strike
0-1: Ball
1-1: Swinging Strike
1-2: Ball
2-2: Foul Ball, location: 2F
2-2: Fly out, F9 (Flyball, 9)
Batting: LHB Scot Godwin 0-0: Ball
1-0: Ball
2-0: Ball
3-0: Called Strike
3-1: Base on Balls
Terry Manning to second
Batting: LHB Matthis Michaud 0-0: Called Strike
0-1: Ball
1-1: Foul Ball, location: 2F
1-2: Fly out, F7 (Flyball, 78M)
Bottom of the 7th over - 0 runs, 0 hits, 0 errors, 2 left on base; Randall HS 9 - Maize HS 4
TOP OF THE 8TH
Randall HS Raiders batting - Pitching for Maize HS : LHP Javier Corona
Batting: SHB Keith Ryan 0-0: Ball
1-0: Ball
2-0: Ball
3-0: Called Strike
3-1: Foul Ball, location: 2F
3-2: Foul Ball, location: 2F
3-2: Foul Ball, location: 2F
3-2: Strikes out looking
Batting: RHB Brody Sexton 0-0: Foul Ball, location: 2F
0-1: Foul Ball, location: 2F
0-2: Ball
1-2: Foul Ball, location: 2F
1-2: Ball
2-2: Ball
3-2: Base on Balls
Batting: RHB Joe Reeves 0-0: Called Strike
0-1: Foul Ball, location: 2F
0-2: Foul Ball, location: 2F
0-2: Ball
1-2: Foul Ball, location: 2F
1-2: Foul Ball, location: 2F
1-2: Strikes out looking
Batting: RHB Luis Sánchez 0-0: Called Strike
0-1: Ball
1-1: Foul Ball, location: 2F
1-2: Strikes out looking
Top of the 8th over - 0 runs, 0 hits, 0 errors, 1 left on base; Randall HS 9 - Maize HS 4
BOTTOM OF THE 8TH
Maize HS batting - Pitching for Randall HS Raiders : LHP Daniel Cortéz
Now at C: Robert Wright
Batting: RHB Dennis Brooks 0-0: Foul Ball, location: 2F
0-1: Ground out 6-3 (Groundball, 56)
Batting: RHB David Cox 0-0: Ground out 5-3 (Groundball, 56S)
Batting: RHB Calvin Storey 0-0: Called Strike
0-1: Swinging Strike
0-2: Ball
1-2: Fly out, F8 (Flyball, 8RD)
Bottom of the 8th over - 0 runs, 0 hits, 0 errors, 0 left on base; Randall HS 9 - Maize HS 4
TOP OF THE 9TH
Randall HS Raiders batting - Pitching for Maize HS : LHP Javier Corona
Batting: RHB Tony Burhoe 0-0: Ball
1-0: Foul Ball, location: 2F
1-1: Ball
2-1: Foul Ball, location: 2F
2-2: Foul Ball, location: 2F
2-2: Reached on error, E6 (Groundball, 6)
Pitching: RHP Alejandro Hernández
Batting: LHB En-guo Wang 0-0: Called Strike
0-1: Ball
1-1: Called Strike
1-2: Strikes out swinging
Batting: RHB John Zhu 0-0: Ball
1-0: Ball
2-0: Called Strike
2-1: Ball
3-1: Base on Balls
Tony Burhoe to second
Batting: RHB Michael Brown 0-0: Ball
1-0: Ball
2-0: Called Strike
2-1: Foul Ball, location: 2F
2-2: Foul Ball, location: 2F
2-2: Foul Ball, location: 2F
2-2: Foul Ball, location: 2F
2-2: Foul Ball, location: 2F
2-2: Foul Ball, location: 2F
2-2: Ball
3-2: Foul Ball, location: 2F
3-2: SINGLE (Flyball, 8RS)
Tony Burhoe to third
John Zhu to second
Batting: RHB Carlos Rivera 0-0: Ball
1-0: Ball
2-0: Called Strike
2-1: Ball
3-1: GRAND SLAM HOME RUN (Flyball, 78XD), Distance : 433 ft
Batting: SHB Keith Ryan 0-0: Swinging Strike
0-1: Foul Ball, location: 2F
0-2: Foul Ball, location: 2F
0-2: Strikes out swinging
Batting: RHB Brody Sexton 0-0: Ball
1-0: Swinging Strike
1-1: Ball
2-1: Swinging Strike
2-2: Strikes out swinging
Top of the 9th over - 4 runs, 2 hits, 1 error, 0 left on base; Randall HS 13 - Maize HS 4
BOTTOM OF THE 9TH
Maize HS batting - Pitching for Randall HS Raiders : LHP Daniel Cortéz
Batting: RHB José Ramírez 0-0: Ball
1-0: Ball
2-0: SINGLE (Line Drive, 89M)
Batting: SHB Adrian Turner 0-0: Ball
1-0: Ball
2-0: Foul Ball, location: 2F
2-1: Ball
3-1: Base on Balls
José Ramírez to second
Batting: LHB Terry Manning 0-0: Grounds into double play, 4-6-3 (Groundball, 4M)
José Ramírez to third
Batting: LHB Edward St. John 0-0: Fly out, F3 (Line Drive, 3S)
Bottom of the 9th over - 0 runs, 1 hit, 0 errors, 1 left on base; Randall HS 13 - Maize HS 4
Saturday, April 7th, 2018 - OOTP Baseball 18.8 Build 76